 Dungeon Crawl Stone Soup version 0.30-b1-2-g02819fbbbe (webtiles) character file.

Game seed: 664095439850408817

8 Alarkh the Vexing (level 2, 21/21 HPs)
             Began as a Demonspawn Hexslinger on July 7, 2023.
             Got out of the dungeon alive.
             The game lasted 00:00:12 (383 turns).

Alarkh the Vexing (Demonspawn Hexslinger)            Turns: 383, Time: 00:00:14

Health: 21/21      AC:  2    Str: 10    XL:     2   Next: 0%
Magic:  3/3        EV: 12    Int: 14    God:
Gold:   26         SH:  0    Dex: 13    Spells: 2/3 levels left

rFire   . . .        a - +1 sling
rCold   . . .        (no shield)
rNeg    . . .        c - +0 robe
rPois   .            (no helmet)
rElec   .            (no cloak)
rCorr   .            (no gloves)
SInv    .            (no boots)
Will    .....        (no amulet)
Stlth   +            (no ring)
HPRegen 0.23/turn    (no ring)
MPRegen 0.08/turn

%: no passive effects
@: no status effects
A: demonic guardian 1
a: no special abilities


You escaped.
You visited 1 branch of the dungeon, and saw 1 of its levels.

You collected 26 gold pieces.

Inventory:

Hand Weapons
 a - a +1 sling (weapon)
Armour
 c - a +0 robe (worn)
Scrolls
 b - a scroll of poison
 d - a scroll of identify {unknown}
Potions
 e - 2 potions of heal wounds {unknown}
 f - a potion of degeneration {unknown}


   Skills:
 - Level 1.0 Fighting
 + Level 2.5 Ranged Weapons
 - Level 1.7 Dodging
 - Level 1.0 Spellcasting
 - Level 3.0 Hexes


You had 2 spell levels left.
You knew the following spells:

 Your Spells              Type           Power      Damage    Failure   Level
a - Slow                  Hex            36%        N/A       8%          1

Your spell library contained the following spells:

 Spells                   Type           Power      Damage    Failure   Level
 Inner Flame              Hex/Fire       4%         N/A       38%         3
 Portal Projectile        Hex/Tloc       8%         N/A       38%         3
 Cause Fear               Hex            4%         N/A       58%         4


Dungeon Overview and Level Annotations

Branches:
Dungeon (1/15)

Altars:


Innate Abilities, Weirdness & Mutations

A weak demonic guardian rushes to your aid.


Message History

You hear a shout!
A kobold comes into view. It is wielding a +0 club.
You shoot a sling bullet. The sling bullet hits the kobold.
You kill the kobold!
No target in view!
You now have 8 gold pieces.
A bat comes into view.
A bat is nearby!
A bat is nearby!
You shoot a sling bullet. The sling bullet hits the bat!
You kill the bat!
No target in view!
A rat comes into view.
A rat is nearby!
A rat is nearby!
You shoot a sling bullet. The sling bullet hits the rat.
The rat is severely wounded.
No target in view!
A rat is nearby!
A rat is nearby!
You shoot a sling bullet.
The sling bullet closely misses the rat.
You shoot a sling bullet. The sling bullet hits the rat.
You kill the rat!
No target in view!
You open the door.
There is an open door here.
You now have 26 gold pieces (gained 18).
You see here a +0 hand axe.
An endoplasm comes into view.
An endoplasm is nearby!
An endoplasm is nearby!
You shoot a sling bullet. The sling bullet hits the endoplasm!
You kill the endoplasm!
You have reached level 2!
Your demonic ancestry asserts itself...
You feel the presence of a demonic guardian.
There is a staircase leading out of the dungeon here.
Are you sure you want to leave the Dungeon?
This will make you lose the game!
You have escaped!

#.# ##### #.# #############
....###.####...........#
###..........#.#######.# #
#..##.####.#.#.... #.## #
#..##............. #..# #
#..##..##.#######. #..# #
#..#...##.#.....#..#..#
###.......#.#..#@....#..#
######
............#..#######..#
......
#######..##.#...........#
......
.........##.#.....#.....#
#..##).
#######.###.#######....####.
#.. #
##'###..............##..##..
##
##...###........^.##.##......
.#
##.....#######....###.###.##).
.###.......## ##....# #.#
#.....


There were no monsters in sight!

Vanquished Creatures
  2 ball pythons (D:1)
  A bat (D:1)
  An endoplasm (D:1)
  A goblin (D:1)
  A kobold (D:1)
  A rat (D:1)
7 creatures vanquished.

Notes
Turn   | Place    | Note
-------+----------+-------------------------------------------
     0 | D:1      | Alarkh the Demonspawn Hexslinger began the quest for the
                  | Orb.
     0 | D:1      | Reached XP level 1. HP: 15/15 MP: 2/2
   330 | D:1      | Gained mutation: A weak demonic guardian rushes to your
                  | aid. [demonic ancestry]
   330 | D:1      | Reached XP level 2. HP: 21/21 MP: 3/3
   383 | D:$      | Got out of the dungeon alive.

Illustrated notes

Levels and vault maps discovered:
D:1:      ebering_hopf_link, layout_loops_corners,
          chequers_serial_rivers_large_a

Skill      XL: |  1 |
---------------+----+-----
Ranged Weapons | 2 |  2.5
Fighting       | |  1.0
Dodging        | |  1.7
Spellcasting   | |  1.0
Hexes          | |  3.0

Action                     || total
---------------------------++-------
   Fire: Sling             ||    11
 Armour: Robe              ||     1
  Dodge: Dodged            ||     3
